 Dungeon Crawl Stone Soup version 0.17.2-1-ge4368a0 (webtiles) character file.

7 Goblin1989 the Sneak (level 2, 26/26 HPs)
             Began as a Naga Wanderer on Nov 15, 2017.
             Quit the game on level 1 of the Dungeon on Nov 24, 2017.
             The game lasted 00:01:45 (293 turns).

Goblin1989 the Sneak (Naga Wanderer)                 Turns: 293, Time: 00:01:45

Health: 26/26      AC:  1    Str: 13    XL:     2   Next: 4%
Magic:  2/2        EV:  9    Int: 11    God:
Gold:   0          SH:  0    Dex: 12    Spells: 0 memorised, 1 level left

rFire  . . .     SeeInvis +     a - +2 spear
rCold  . . .     Clarity  .     d - +0 robe
rNeg   . . .     SustAt   .     (no shield)
rPois  +         Gourm    .     (no helmet)
rElec  .         Spirit   .     (no cloak)
rCorr  .         Warding  .     (no gloves)
rMut   .         Stasis   .     (no barding)
MR     .....                    (no amulet)
Stlth  ++........               (no ring)
                                (no ring)

@: very slow, not resistant to hostile enchantments, unstealthy
A: see invisible, deformed body, poison resistance, slowness 2, slow metabolism
1, spit poison 2, AC +0
a: Spit Poison


You were on level 1 of the Dungeon.
You were not hungry.

You visited 1 branch of the dungeon, and saw 1 of its levels.

Inventory:

Hand Weapons
 a - a +2 spear (weapon)
 b - a +0 quarterstaff
 f - a +0 dagger
Armour
 d - a +0 robe (worn)
Scrolls
 g - a scroll of amnesia {unknown}
Potions
 c - a potion of lignification
 j - a potion of cancellation {unknown}
Comestibles
 e - a bread ration {@e1}
 h - a slice of pizza
 i - a chunk of flesh


   Skills:
 - Level 2.0 Fighting
 + Level 2.7 Polearms
 - Level 1.0 Dodging
 - Level 3.0 Stealth
   Level 3.0 Air Magic


You had one spell level left.
You didn't know any spells.

Dungeon Overview and Level Annotations

Branches:
Dungeon (1/15)

Altars:


Innate Abilities, Weirdness & Mutations

You cannot wear boots.
Your serpentine skin is tough (AC +0).
You have supernaturally acute eyesight.
Armour fits poorly on your strangely shaped body.
Your system is resistant to poisons.
You cover ground very slowly.
You have a slow metabolism.
You can spit poison.


Message History

The bat hits you but does no damage.
A rat comes into view.
Attack whom?
Press: ? - help, Dir - move target cursor, f/p - bat
Aim: a bat You reach to attack!
You closely miss the bat. The bat closely misses you.
The bat hits you but does no damage.
You hit the bat.
You kill the bat!
The giant gecko bites you. The giant gecko barely misses you.
You take 3 damage, and have 16/19 hp.
You closely miss the giant gecko.
You have got your breath back.
The giant gecko bites you.
The rat twitches its whiskers.
You take 3 damage, and have 13/19 hp.
You hit the giant gecko.
The giant gecko is moderately wounded.
The giant gecko barely misses you.
Press: ? - help, Shift-Dir - straight line, f - rat
Aim: a rat The splash of poison hits the giant gecko.
The giant gecko is poisoned.
The giant gecko is almost dead.
You feel slightly more hungry.
You kill the giant gecko!
The rat twitches its whiskers.
The rat barely misses you.
You see here a giant gecko corpse.
You barely miss the rat. The rat closely misses you.
You hit the rat.
The rat is heavily wounded.
The rat bites you.
You take 2 damage, and have 11/19 hp.
You hit the rat.
You kill the rat!
You have got your breath back.
You see here a giant gecko corpse.
You see here a giant gecko corpse.
You butcher the giant gecko corpse.
i - a chunk of flesh You start resting.
HP restored.
Health restored: 19
j - a sedimented emerald potion A bat is nearby!
A hobgoblin comes into view. It is wielding a club.
The hobgoblin shouts!
The bat closely misses you.
You hit the hobgoblin but do no damage. The bat hits you. The bat hits you.
The hobgoblin barely misses you.
You take 2 damage, and have 17/19 hp.
You closely miss the hobgoblin. The bat hits you.
The hobgoblin hits you with a club.
You take 2 damage, and have 15/19 hp.
You hit the hobgoblin.
You kill the hobgoblin!
You have reached level 2!
The bat barely misses you.
You regained 5 hp, and now have 20/26 hp.
MP restored: 2 Attack whom?
Press: ? - help, Dir - move target cursor, f - bat
Aim: a bat You reach to attack!
You hit the bat but do no damage. The bat barely misses you.
The bat hits you but does no damage.
You closely miss the bat. The bat closely misses you.
The bat hits you but does no damage.
Attack whom?
Press: ? - help, Dir - move target cursor, f/p - bat
Aim: a bat You reach to attack!
You hit the bat.
You kill the bat!
No target in view!
No target in view!
No target in view!
No target in view!
No target in view!
No target in view!
No target in view!
No target in view!
No target in view!
No target in view!
No target in view!
No target in view!
No target in view!
No target in view!
No target in view!
No target in view!
No target in view!
No target in view!
No target in view!
No target in view!
You start resting.
HP restored.
Health restored: 26 Saving game... please wait.
Welcome back, Goblin1989 the Naga Wanderer.
Press ? for a list of commands and other information.
Are you sure you want to abandon this character and quit the game? (Confirm with "yes".)

.........████████
.................
.........████████
...........█
██████.....█ .
█.....█ ..
█.....█
████████.....█
......)@.....█
.............█
.........█████
.........█
.........█
.........█
.......).█
.........█


There were no monsters in sight!

Vanquished Creatures
  A giant gecko (D:1)
  A goblin (D:1)
  A hobgoblin (D:1)
  2 bats (D:1)
  2 rats (D:1)
7 creatures vanquished.

Notes
Turn   | Place    | Note
--------------------------------------------------------------
     0 | D:1      | Goblin1989 the Naga Wanderer began the quest for the Orb.
     0 | D:1      | Goblin1989 set off with: a +2 spear, a +0 quarterstaff, a potion of lignification, a +0 robe, a bread ration {@e1}, a +0 dagger
     0 | D:1      | Reached XP level 1. HP: 19/19 MP: 1/1
   223 | D:1      | Reached XP level 2. HP: 20/26 MP: 2/2
   293 | D:1      | Quit the game

Action                   || total
-------------------------++-------
Melee: Spear             ||    15
 Abil: Spit Poison       ||     5

Vault maps used:
D:1:      dpeg_arrival_rooms_a
